 Dungeon Crawl Stone Soup version 0.30-a0-1160-g6e42c06551 (webtiles) character file.

Game seed: 1214252969943345957

206 ketsa the Covert (level 5, -4/27 HPs)
             Began as a Spriggan Delver on Apr 26, 2023.
             Was an Initiate of Uskayaw.
             Slain by an ogre
             ... wielding a +0 giant club
              (28 damage)
             ... on level 4 of the Dungeon.
             The game lasted 00:26:03 (4883 turns).

ketsa the Covert (Spriggan Delver)                  Turns: 4883, Time: 00:26:03

Health: -4/27      AC:  2    Str:  8    XL:     5   Next: 53%
Magic:  6/6        EV: 19    Int: 11    God:    Uskayaw [......]
Gold:   254        SH:  0    Dex: 19    Spells: 4/4 levels left

rFire   . . .        a - +0 short sword
rCold   . . .        (no shield)
rNeg    . . .        b - +0 robe
rPois   .            (helmet restricted)
rElec   .            (no cloak)
rCorr   .            (gloves unavailable)
SInv    +            (boots unavailable)
Will    .....        (no amulet)
Stlth   ++++         (no ring)
HPRegen 0.24/turn    (no ring)
MPRegen 0.10/turn

%: no passive effects
@: very quick
A: very small, no large weapons, unfitting armour, see invisible, speed 3
a: Renounce Religion


You were on level 4 of the Dungeon.
You worshipped Uskayaw.
Uskayaw was noncommittal.
You visited 1 branch of the dungeon, and saw 7 of its levels.

You collected 254 gold pieces.

Inventory:

Hand Weapons
 a - a +0 short sword (weapon)
Missiles
 h - 30 stones (quivered)
 p - 3 poisoned darts
Armour
 b - a +0 robe (worn)
 q - a +0 animal skin
Magical Staves
 x - a staff of conjuration
Wands
 g - a wand of digging (3)
Scrolls
 c - a scroll of fog
 d - a scroll of magic mapping
 e - a scroll of fear
 i - a scroll of poison {unknown}
 k - a scroll of enchant armour
 m - a scroll of enchant weapon {unknown}
 n - a scroll of amnesia {unknown}
 r - a scroll of torment {unknown}
 s - a scroll of teleportation
 v - a scroll of blinking {unknown}
Potions
 f - 3 potions of haste
 j - 2 potions of attraction {unknown}
 l - 2 potions of heal wounds
 o - a potion of flight
 t - a potion of brilliance
 u - a potion of might {unknown}
 w - a potion of magic
 z - a potion of curing {unknown}


   Skills:
 - Level 2.6 Fighting
 * Level 4.6 Short Blades
 + Level 4.5 Dodging
 + Level 8.4 Stealth


You had 4 spell levels left.
You didn't know any spells.
Your spell library contained the following spells:

 Spells                   Type           Power      Damage    Failure   Level
 Tukima's Dance           Hex            0%         N/A       71%         3
 Passage of Golubria      Tloc           0%         N/A       98%         4
 Yara's Violent Unravell  Hex/Tmut       0%         3d3       100%        5


Dungeon Overview and Level Annotations

Branches:
Dungeon (7/15)             Temple (0/1) D:4

Altars:
Uskayaw

Shops:
D:4 [

Portals:
Abyss: D:5

Annotations:
D:4 2 transporters, PostNTower's ghost, novice OgFi
D:5 2 transporters, bmj180's ghost, amateur TeAE


Innate Abilities, Weirdness & Mutations

You are very small and have problems with some larger weapons.
You are too small for most types of armour.
You have supernaturally acute eyesight. (SInv)
You cover ground extremely quickly. (Speed+++)


Message History

Robin is severely wounded.
Robin throws the goblin at you! The goblin hits you with a +0 dagger.
You stomp with the beat, sending a shockwave through the revellers around you!
Robin is almost dead.
You kill the goblin!
You can no longer stomp with the beat.
Robin misses you.
You barely miss Robin.
Robin is almost dead.
Robin hits you but does no damage.
You hit Robin but do no damage.
Robin is almost dead.
You closely miss Robin.
Robin is almost dead.
Robin hits you with a +0 dagger.
You hit Robin.
You kill Robin!
Items here: ) [[ †.
q - a +0 animal skin You see here a +0 dagger.
HP restored.
Things that are here:
a +0 dagger; a +0 helmet; the hobgoblin corpse of Robin
Found a club.
You see here a +0 club.
j - 2 bubbling brown potions (gained 1)
Found a transporter.
There is a transporter landing site here.
Found a staircase to the Ecumenical Temple.
A hobgoblin comes into view.
There is a stone staircase leading down here.
An ogre and a quokka come into view.
There is an open door here.
The ogre shouts!
You hit the ogre but do no damage.
The hobgoblin shouts!
You hear a bark!
The quokka bites you.
The ogre hits you with a +0 giant club!!
Ouch! That really hurt!
You die...

#.........#
#.#######.#
#.#
#.########
#.#
#......... ..
#.#
##########
....####.####
#
........>...#
#######
.g.###'###.#
#......
#...@O# #
#.#####
#.⌠.r.#
#####.## #
#.'..>..'.
#......####
#.#g⌠.⌠.#.#
#.#........
..#
#.#.....#.#
#..........
..# # ###'###
# #[...######
.?# #.#
#...##.....
..# #.
#...#8.##.#
..#
#...#..##.#


You could see an ogre, a quokka and a hobgoblin.

Vanquished Creatures
  A scorpion (D:4)
  An iguana (D:4)
  Robin (D:4)
  An adder (D:3)
  An ufetubus (D:4)
  4 dart slugs
  4 orcs
  3 bats
  8 endoplasms
  2 giant cockroaches
  8 goblins
  18 hobgoblins
  5 jackals
  5 kobolds
  2 quokkas (D:1)
  4 ball pythons
  5 frilled lizards
  7 rats
80 creatures vanquished.

Notes
Turn   | Place    | Note
-------+----------+-------------------------------------------
     0 | D:5      | ketsa the Spriggan Delver began the quest for the Orb.
     0 | D:5      | Reached XP level 1. HP: 11/11 MP: 2/2
   125 | D:5      | Noticed a hound
   280 | D:5      | Noticed an ice beast
   360 | D:5      | Noticed a scorpion
   377 | D:5      | Found a transporter.
   412 | D:5      | Found a transporter.
   417 | D:5      | Noticed a small abomination
   429 | D:5      | Found a one-way gate to the infinite horrors of the Abyss.
   429 | D:5      | Noticed bmj180's ghost (amateur TeAE)
   430 | D:5      | Noticed a black bear
   437 | D:5      | Noticed a small abomination
   721 | D:3      | Noticed a scorpion
   869 | D:2      | Reached XP level 2. HP: 16/16 MP: 3/3
  1829 | D:1      | Reached XP level 3. HP: 16/19 MP: 4/4
  2802 | D:2      | Found a faded altar of an unknown god.
  3097 | D:2      | Reached XP level 4. HP: 23/23 MP: 5/5
  3492 | D:3      | Noticed a scorpion
  3953 | D:3      | Found a hide-covered altar of Uskayaw.
  4056 | D:3      | Became a worshipper of Uskayaw the Reveller
  4102 | D:4      | Found Maawia's Antique Armour Shop.
  4131 | D:4      | Reached skill level 8 in Stealth
  4135 | D:4      | Noticed a scorpion
  4166 | D:4      | Reached * piety under Uskayaw
  4222 | D:4      | Reached ** piety under Uskayaw
  4327 | D:4      | Killed a scorpion
  4328 | D:4      | Reached XP level 5. HP: 12/27 MP: 6/6
  4496 | D:4      | Noticed Robin
  4667 | D:4      | Found a transporter.
  4678 | D:4      | Noticed PostNTower's ghost (novice OgFi)
  4732 | D:4      | Killed Robin
  4839 | D:4      | Found a transporter.
  4877 | D:4      | Found a staircase to the Ecumenical Temple.
  4881 | D:4      | Noticed an ogre
  4883 | D:4      | Slain by an ogre

Illustrated notes

Levels and vault maps discovered:
D:1:      minmay_arrival_nine_rooms, layout_loops_corners
D:2:      layout_basic, basic_ecumenical_altar
D:3:      layout_loops_corners, mainiacjoe_overflow_brackets
D:4:      layout_loops_ring, minmay_temple_entry_hall, gammafunk_ghost_arena,
          serial_shops, shop, uniq_robin
D:5:      layout_basic, gammafunk_ghost_abyssal_escape
D:6:      layout_basic, gammafunk_temple_overflow_claw
D:7:      layout_rooms, makhleb_blood_cavern_becter

Skill      XL: |  1  2  3  4 |
---------------+-------------+-----
Dodging        | 3 4 |  4.5
Short Blades   | 3 4 |  4.6
Stealth        | 8 |  8.4
Fighting       | |  2.6

Action                     |  1- 3 |  4- 6 || total
---------------------------+-------+-------++-------
  Melee: Short sword       |   183 |    97 ||   280
         Punch             |     3 |     1 ||     4
  Throw: Stone             |       |    12 ||    12
         Dart              |       |     5 ||     5
 Invoke: Stomp             |       |     3 ||     3
    Use: Scroll            |     4 |     3 ||     7
   Stab: Sleeping          |    18 |    10 ||    28
         Distracted        |     1 |       ||     1
 Armour: Robe              |     7 |     3 ||    10
  Dodge: Dodged            |   115 |    52 ||   167

Table legend: (Time is in decaauts)
 A = Elapsed time spent in this place.
 B = Non-inter-level travel time spent in this place.
 C = Inter-level travel time spent in this place.
 D = Time resting spent in this place.
 E = Time spent auto-exploring this place.
 F = Levels seen in this place.
 G = Mean time per level.
                   A        B        C        D        E       F      G
               +--------+--------+--------+--------+--------+-----+--------+
         Total |   3414 |   3356 |     58 |    763 |    959 |   7 |  487.7 |
       Dungeon |   3414 |   3356 |     58 |    763 |    959 |   7 |  487.7 |
               +--------+--------+--------+--------+--------+-----+--------+

Top non-repeatable levels by time:
     D:1: 1303 daAuts
     D:4: 585 daAuts
     D:3: 583 daAuts
     D:2: 542 daAuts
     D:5: 369 daAuts
     D:6: 24 daAuts
     D:7: 6 daAuts
